EL
ARKANSAS TRAVELERS @ CORPUS CHRISTI HOOKS
09/20/2045
 
TOP OF THE 1ST
Arkansas Travelers batting - Pitching for Corpus Christi Hooks : RHP Robin Yelland
Pitching: RHP Robin Yelland
Batting: RHB Mike Alm 0-0: Ball
1-0: SINGLE (Groundball, 56S, EV 63.1 MPH) (infield hit)
Batting: LHB Rusty Ney 0-0: Ball
1-0: Ball
2-0: Called Strike
2-1: SINGLE (Line Drive, 7LS, EV 91.2 MPH)
Mike Alm to second
Batting: RHB Oren Jones 0-0: Grounds into double play, 6-4-3 (Groundball, 6, EV 88.8 MPH)
Mike Alm to third
Batting: SHB Mario Padron 0-0: Called Strike
0-1: Ball
1-1: DOUBLE (Line Drive, 7LM, EV 112.5 MPH)
Mike Alm scores
Batting: RHB Jose Pineda 0-0: Ball
1-0: Foul Ball, location: 2F
1-1: Reached on error, E6 (Groundball, 6, EV 105.0 MPH)
Mario Padron to third
Batting: SHB Ivan Barry 0-0: Ball
Jose Pineda steals 2nd base
1-0: Swinging Strike
1-1: Foul Ball, location: 2F
1-2: Strikes out swinging
Top of the 1st over - 1 run, 3 hits, 1 error, 2 left on base; Arkansas 1 - Corpus Christi 0
BOTTOM OF THE 1ST
Corpus Christi Hooks batting - Pitching for Arkansas Travelers : RHP Kennie Williams
Pitching: RHP Kennie Williams
Batting: RHB Ben Hoffman 0-0: SINGLE (Groundball, 25, EV 72.5 MPH) (infield hit)
Batting: RHB Matt Parker 0-0: Ball
Ben Hoffman steals 2nd base
1-0: Ball
2-0: Called Strike
2-1: Ball
3-1: Base on Balls
Batting: RHB Chris Fitzgerald 0-0: Called Strike
0-1: Foul Ball, location: 2F
0-2: Fly out, F8 (Flyball, 8RD, EV 103.8 MPH)
Batting: LHB Sean Trueblood 0-0: Foul Ball, location: 2F
0-1: Ball
Ben Hoffman steals 3rd base
Matt Parker to second
1-1: Called Strike
1-2: Ball
2-2: Ground out 6-3 (Groundball, 6M, EV 96.2 MPH)
Ben Hoffman scores
Matt Parker to third
Batting: RHB Ramon Castellon 0-0: Ground out 4-3 (Groundball, 4, EV 87.5 MPH)
Bottom of the 1st over - 1 run, 1 hit, 0 errors, 1 left on base; Arkansas 1 - Corpus Christi 1
TOP OF THE 2ND
Arkansas Travelers batting - Pitching for Corpus Christi Hooks : RHP Robin Yelland
Batting: LHB Barrfhionn O'Toole 0-0: Ball
1-0: Swinging Strike
1-1: SINGLE (Groundball, 25, EV 67.5 MPH) (infield hit)
Batting: RHB Tsega Haida 0-0: Ball
Barrfhionn O'Toole steals 2nd base
1-0: Ball
2-0: Swinging Strike
2-1: Foul Ball, location: 2F
2-2: Strikes out swinging
Batting: RHB Malachi Ephron 0-0: Ball
1-0: Called Strike
1-1: Ball
2-1: Called Strike
2-2: Strikes out swinging
Batting: RHB Mike Alm 0-0: Foul Ball, location: 2F
0-1: SINGLE (Groundball, 6, EV 108.1 MPH)
Barrfhionn O'Toole to third
Runner from 3rd tries for Home, SAFE, throw by CF to home
Batting: LHB Rusty Ney 0-0: Ball
1-0: Ball
2-0: Foul Ball, location: 2F
2-1: DOUBLE (Line Drive, 89D, EV 112.5 MPH)
Mike Alm to third
Runner from 3rd tries for Home, SAFE, throw by CF to trailing runner, SAFE at third!
Batting: RHB Oren Jones 0-0: Ball
1-0: Ball
2-0: Ball
3-0: Called Strike
3-1: Base on Balls
Batting: SHB Mario Padron 0-0: Foul Ball, location: 2F
0-1: Foul Ball, location: 2F
0-2: Ball
1-2: Foul Ball, location: 2F
1-2: Ball
2-2: SINGLE (Groundball, 34D, EV 98.8 MPH)
Rusty Ney scores
Oren Jones to second
Runner from 2nd tries for 3rd, SAFE, throw by RF made to third
Mario Padron to second
Batting: RHB Jose Pineda 0-0: Called Strike
0-1: Ball
1-1: Swinging Strike
1-2: Foul Ball, location: 2F
1-2: Strikes out swinging
Top of the 2nd over - 3 runs, 4 hits, 0 errors, 2 left on base; Arkansas 4 - Corpus Christi 1
BOTTOM OF THE 2ND
Corpus Christi Hooks batting - Pitching for Arkansas Travelers : RHP Kennie Williams
Batting: SHB Paskar Adegoke 0-0: Ground out 6-3 (Groundball, 6M, EV 86.2 MPH)
Batting: LHB Kelvin Jones 0-0: Ball
1-0: Called Strike
1-1: Foul Ball, location: 2F
1-2: Foul Ball, location: 2F
1-2: Foul Ball, location: 2F
1-2: Ball
2-2: DOUBLE (Line Drive, 78D, EV 101.2 MPH)
Batting: RHB Steve Moore 0-0: Ball
Kelvin Jones steals 3rd, throwing error, E2
Kelvin Jones scores
1-0: Foul Ball, location: 2F
1-1: Foul Ball, location: 2F
1-2: Ball
2-2: Strikes out looking
Batting: RHB Mike Koch 0-0: Called Strike
0-1: Ball
1-1: Ground out 6-3 (Groundball, 6, EV 105.0 MPH)
Bottom of the 2nd over - 1 run, 1 hit, 1 error, 0 left on base; Arkansas 4 - Corpus Christi 2
TOP OF THE 3RD
Arkansas Travelers batting - Pitching for Corpus Christi Hooks : RHP Robin Yelland
Batting: SHB Ivan Barry 0-0: Ball
1-0: Ball
2-0: Ball
3-0: Called Strike
3-1: Base on Balls
Batting: LHB Barrfhionn O'Toole 0-0: Called Strike
0-1: Ball
1-1: Swinging Strike
1-2: Foul Ball, location: 2F
1-2: Fielders Choice at 2nd, 2-4 (Groundball, 15S, EV 71.2 MPH)
Batting: RHB Tsega Haida 0-0: Called Strike
0-1: Called Strike
0-2: Ball
Barrfhionn O'Toole steals 2nd base
1-2: Ball
2-2: Strikes out looking
Batting: RHB Malachi Ephron 0-0: Called Strike
0-1: Ball
1-1: Ball
2-1: Swinging Strike
2-2: Ground out 4-3 (Groundball, 4, EV 80.6 MPH)
Top of the 3rd over - 0 runs, 0 hits, 0 errors, 1 left on base; Arkansas 4 - Corpus Christi 2
BOTTOM OF THE 3RD
Corpus Christi Hooks batting - Pitching for Arkansas Travelers : RHP Kennie Williams
Batting: RHB Ben Hoffman 0-0: Ball
1-0: Ball
2-0: Ball
3-0: Called Strike
3-1: Called Strike
3-2: Ground out 4-3 (Groundball, 4M, EV 105.6 MPH)
Batting: RHB Matt Parker 0-0: Swinging Strike
0-1: Ball
1-1: Ground out 5-3 (Groundball, 56, EV 81.9 MPH)
Batting: RHB Chris Fitzgerald 0-0: Ball
1-0: Ball
2-0: Ground out 6-3 (Groundball, 6, EV 90.6 MPH)
Bottom of the 3rd over - 0 runs, 0 hits, 0 errors, 0 left on base; Arkansas 4 - Corpus Christi 2
TOP OF THE 4TH
Arkansas Travelers batting - Pitching for Corpus Christi Hooks : RHP Robin Yelland
Batting: RHB Mike Alm 0-0: Called Strike
0-1: Ball
1-1: Ball
2-1: Ball
3-1: Swinging Strike
3-2: Ground out 4-3 (Groundball, 4, EV 83.8 MPH)
Batting: LHB Rusty Ney 0-0: Called Strike
0-1: Ball
1-1: Foul Ball, location: 2F
1-2: Foul Ball, location: 2F
1-2: Ball
2-2: Ground out 4-3 (Groundball, 4M, EV 105.0 MPH)
Batting: RHB Oren Jones 0-0: Ball
1-0: Ball
2-0: Called Strike
2-1: Fly out, F9 (Line Drive, 9S, EV 91.9 MPH)
Top of the 4th over - 0 runs, 0 hits, 0 errors, 0 left on base; Arkansas 4 - Corpus Christi 2
BOTTOM OF THE 4TH
Corpus Christi Hooks batting - Pitching for Arkansas Travelers : RHP Kennie Williams
Batting: LHB Sean Trueblood 0-0: Ball
1-0: Called Strike
1-1: Ball
2-1: SINGLE (Groundball, 56D, EV 93.8 MPH)
Batting: RHB Ramon Castellon 0-0: Ball
1-0: Ball
2-0: Ball
3-0: Called Strike
3-1: Grounds into double play, 4-6-3 (Groundball, 4, EV 95.6 MPH)
Batting: SHB Paskar Adegoke 0-0: Ball
1-0: Fly out, F8 (Line Drive, 8RM, EV 91.9 MPH)
Bottom of the 4th over - 0 runs, 1 hit, 0 errors, 0 left on base; Arkansas 4 - Corpus Christi 2
TOP OF THE 5TH
Arkansas Travelers batting - Pitching for Corpus Christi Hooks : RHP Robin Yelland
Now in RF: Jon Pope
Batting: SHB Mario Padron 0-0: Ground out 4-3 (Groundball, 4, EV 101.9 MPH)
Batting: RHB Jose Pineda 0-0: TRIPLE (Line Drive, 78XD, EV 105.0 MPH)
Batting: SHB Ivan Barry 0-0: Fly out, F8 (Flyball, 89D, EV 96.9 MPH)
Runner from 3rd tags up, OUT at HOME! 8-2
Top of the 5th over - 0 runs, 1 hit, 0 errors, 0 left on base; Arkansas 4 - Corpus Christi 2
BOTTOM OF THE 5TH
Corpus Christi Hooks batting - Pitching for Arkansas Travelers : RHP Kennie Williams
Batting: LHB Jon Pope 0-0: Called Strike
0-1: Called Strike
0-2: Strikes out swinging
Batting: RHB Steve Moore 0-0: Ball
1-0: Ball
2-0: Ball
3-0: Called Strike
3-1: Ground out 4-3 (Groundball, 4S, EV 83.8 MPH)
Batting: RHB Mike Koch 0-0: Ball
1-0: Ball
2-0: Ball
3-0: Called Strike
3-1: Base on Balls
Batting: RHB Ben Hoffman 0-0: Ball
1-0: Ball
2-0: Called Strike
2-1: Swinging Strike
2-2: Foul Ball, location: 2F
2-2: Ball
3-2: Fly out, F8 (Line Drive, 8RM, EV 91.2 MPH)
Bottom of the 5th over - 0 runs, 0 hits, 0 errors, 1 left on base; Arkansas 4 - Corpus Christi 2
TOP OF THE 6TH
Arkansas Travelers batting - Pitching for Corpus Christi Hooks : RHP Robin Yelland
Batting: LHB Barrfhionn O'Toole 0-0: Called Strike
0-1: Called Strike
0-2: Ball
1-2: Foul Ball, location: 2F
1-2: Strikes out swinging
Batting: RHB Tsega Haida 0-0: Ground out 6-3 (Groundball, 56, EV 109.4 MPH)
Batting: RHB Malachi Ephron 0-0: Ball
1-0: Called Strike
1-1: Called Strike
1-2: Ball
2-2: Ground out U3 (Groundball, 34S, EV 85.6 MPH)
Top of the 6th over - 0 runs, 0 hits, 0 errors, 0 left on base; Arkansas 4 - Corpus Christi 2
BOTTOM OF THE 6TH
Corpus Christi Hooks batting - Pitching for Arkansas Travelers : RHP Kennie Williams
Batting: RHB Matt Parker 0-0: Swinging Strike
0-1: Ball
1-1: Ball
2-1: Ball
3-1: Base on Balls
Pitching: RHP Troy Ingram
Batting: RHB Chris Fitzgerald 0-0: Ball
1-0: Swinging Strike
1-1: Swinging Strike
1-2: Strikes out swinging
Pitching: LHP Paul Griffin
Batting: LHB Sean Trueblood 0-0: Ball
1-0: Called Strike
1-1: Ball
2-1: Swinging Strike
2-2: Ground out 6-3 (Groundball, 6MD, EV 101.2 MPH)
Matt Parker to second
Batting: RHB Ramon Castellon 0-0: Called Strike
0-1: DOUBLE (Flyball, 8LXD, EV 95.6 MPH)
Matt Parker scores
Batting: SHB Paskar Adegoke 0-0: Called Strike
0-1: Foul Ball, location: 2F
0-2: Ball
1-2: Foul Ball, location: 2F
1-2: Fly out, F9 (Flyball, 9LS, EV 72.5 MPH)
Bottom of the 6th over - 1 run, 1 hit, 0 errors, 1 left on base; Arkansas 4 - Corpus Christi 3
TOP OF THE 7TH
Arkansas Travelers batting - Pitching for Corpus Christi Hooks : RHP Robin Yelland
Batting: RHB Mike Alm 0-0: Ball
1-0: Ground out 1-3 (Groundball, 25, EV 69.4 MPH)
Batting: LHB Rusty Ney 0-0: SINGLE (Flyball, 89S, EV 90.0 MPH)
Pitching: RHP Chris Miles
Batting: RHB Oren Jones 0-0: Ball
Rusty Ney steals 2nd base (no throw)
1-0: Ball
2-0: Ball
3-0: Called Strike
3-1: Foul Ball, location: 2F
3-2: Fly out, F7 (Flyball, 78S, EV 83.1 MPH)
Batting: SHB Mario Padron 0-0: Swinging Strike
0-1: Ball
1-1: Ball
2-1: Called Strike
2-2: Ball
3-2: Foul Ball, location: 2F
3-2: Base on Balls
Batting: RHB Jose Pineda 0-0: Called Strike
0-1: DOUBLE (Line Drive, 89M, EV 96.2 MPH)
Rusty Ney scores
Mario Padron to third
Runner from 3rd tries for Home, SAFE, throw by CF to home
Batting: SHB Ivan Barry 0-0: Ball
1-0: Ball
2-0: DOUBLE (Groundball, 3L, EV 97.5 MPH)
Jose Pineda scores
Batting: LHB Barrfhionn O'Toole 0-0: Ball
1-0: Foul Ball, location: 2F
1-1: Foul Ball, location: 2F
1-2: Ball
2-2: Foul Ball, location: 2F
2-2: Strikes out swinging
Top of the 7th over - 3 runs, 3 hits, 0 errors, 1 left on base; Arkansas 7 - Corpus Christi 3
BOTTOM OF THE 7TH
Corpus Christi Hooks batting - Pitching for Arkansas Travelers : LHP Paul Griffin
Batting: LHB Jon Pope 0-0: Fly out, F4 (Popup, 4MD, EV 52.5 MPH)
Batting: RHB Steve Moore 0-0: Ball
1-0: Ball
2-0: Ball
3-0: Called Strike
3-1: Called Strike
3-2: Base on Balls
Batting: RHB Mike Koch 0-0: Ball
1-0: Foul Ball, location: 2F
1-1: Ground out 6-3 (Groundball, 6MD, EV 104.4 MPH)
Steve Moore to second
Batting: RHB Ben Hoffman 0-0: Called Strike
0-1: Hit by Pitch
Batting: RHB Matt Parker 0-0: Foul Ball, location: 2F
0-1: Foul Ball, location: 2F
0-2: Strikes out looking
Bottom of the 7th over - 0 runs, 0 hits, 0 errors, 2 left on base; Arkansas 7 - Corpus Christi 3
TOP OF THE 8TH
Arkansas Travelers batting - Pitching for Corpus Christi Hooks : RHP Chris Miles
Batting: LHB Sean Corderman 0-0: Ball
1-0: Swinging Strike
1-1: Swinging Strike
1-2: Foul Ball, location: 2F
1-2: Strikes out swinging
Batting: RHB Malachi Ephron 0-0: Ball
1-0: SINGLE (Groundball, 34D, EV 94.4 MPH)
Batting: RHB Mike Alm 0-0: Ball
1-0: Called Strike
1-1: Ball
2-1: Fly out, F8 (Line Drive, 8LM, EV 91.2 MPH)
Batting: LHB Rusty Ney 0-0: Called Strike
0-1: Foul Ball, location: 2F
0-2: Ball
1-2: SINGLE (Groundball, 34D, EV 93.8 MPH)
Malachi Ephron to second
Runner from 2nd tries for 3rd, SAFE, throw by RF made to third
Rusty Ney to second
Batting: RHB Oren Jones 0-0: Ball
1-0: Ball
2-0: Ball
3-0: Called Strike
3-1: Base on Balls
Batting: SHB Mario Padron 0-0: Hit by Pitch
Malachi Ephron scores
Rusty Ney to third
Oren Jones to second
Batting: RHB Jose Pineda 0-0: Ball
1-0: Ball
2-0: Fly out, F9 (Flyball, 9LS, EV 75.6 MPH)
Top of the 8th over - 1 run, 2 hits, 0 errors, 3 left on base; Arkansas 8 - Corpus Christi 3
BOTTOM OF THE 8TH
Corpus Christi Hooks batting - Pitching for Arkansas Travelers : LHP Paul Griffin
Batting: RHB Chris Fitzgerald 0-0: Ground out 4-3 (Groundball, 4M, EV 92.5 MPH)
Batting: LHB Sean Trueblood 0-0: Swinging Strike
0-1: Ball
1-1: Swinging Strike
1-2: Ball
2-2: Ground out 5-3 (Groundball, 5, EV 86.2 MPH)
Batting: RHB Ramon Castellon 0-0: Called Strike
0-1: Swinging Strike
0-2: Foul Ball, location: 2F
0-2: Foul Ball, location: 2F
0-2: Ball
1-2: Ball
2-2: Strikes out swinging
Bottom of the 8th over - 0 runs, 0 hits, 0 errors, 0 left on base; Arkansas 8 - Corpus Christi 3
TOP OF THE 9TH
Arkansas Travelers batting - Pitching for Corpus Christi Hooks : RHP Chris Miles
Batting: SHB Ivan Barry 0-0: Ball
1-0: Foul Ball, location: 2F
1-1: Reached on error, E5 (Groundball, 5, EV 89.4 MPH)
Batting: LHB Barrfhionn O'Toole 0-0: Ball
1-0: Ball
2-0: Grounds into double play, 6-4-3 (Groundball, 6, EV 88.1 MPH)
Batting: LHB Sean Corderman 0-0: Called Strike
0-1: Foul Ball, location: 2F
0-2: Strikes out swinging, 2-3 out at first.
Top of the 9th over - 0 runs, 0 hits, 1 error, 0 left on base; Arkansas 8 - Corpus Christi 3
BOTTOM OF THE 9TH
Corpus Christi Hooks batting - Pitching for Arkansas Travelers : LHP Paul Griffin
Batting: SHB Paskar Adegoke 0-0: Ball
1-0: Ball
2-0: Ball
3-0: Called Strike
3-1: SINGLE (Groundball, 6D, EV 103.1 MPH)
Pitching: RHP Luis Diaz
Batting: LHB Jon Pope 0-0: Grounds into double play, 4-6-3 (Groundball, 4, EV 81.2 MPH)
Batting: RHB Steve Moore 0-0: Called Strike
0-1: Ball
1-1: Called Strike
1-2: Strikes out looking
Bottom of the 9th over - 0 runs, 1 hit, 0 errors, 0 left on base; Arkansas 8 - Corpus Christi 3
Wednesday, June 22nd , 2022 - OOTP Baseball 23.4 Build 64